 Dungeon Crawl Stone Soup version 0.26.1-11-gd32895ea62 (webtiles) character file.

Game seed: 17970552352840250502

29167 Descartes the Grappler (level 13, -4/110 HPs)
             Began as a Troll Chaos Knight on May 22, 2021.
             Was a Plaything of Xom.
             Slain by a vault guard
             ... wielding a cursed -1 great sword
              (19 damage)
             ... on level 13 of the Dungeon.
             The game lasted 00:44:40 (14161 turns).

Descartes the Grappler (Troll Chaos Knight)        Turns: 14161, Time: 00:44:41

Health: -4/110     AC: 13    Str: 25    XL:     13   Next: 13%
Magic:  15/19      EV: 14    Int: 14    God:    Xom [.....*]
Gold:   1351       SH:  0    Dex: 12    Spells: 14/22 levels left

rFire    . . .     SeeInvis +     - Unarmed
rCold    + . .     Faith    .   (no shield)
rNeg     . . .     Spirit   .   S - +0 troll leather armour
rPois    .         Reflect  .   Y - +1 hat {Int+3}
rElec    .         Harm     .   x - +0 cloak
rCorr    .         Rampage  .   (gloves unavailable)
Will     .....                  (boots unavailable)
Stlth    ++........             X - amulet of the acrobat
HPRegen  1.08/turn              w - ring of see invisible
MPRegen  0.16/turn              y - ring of stealth

@: very slightly contaminated
A: large, unfitting armour, claws 3, slimy green scales 1, agile 1, blink, cold
resistance 1, sense surroundings 2, regeneration 1, shaggy fur 2, strong 1,
tough skin 3, evolution 2, MP-powered wands
a: Blink, Renounce Religion


You were on level 13 of the Dungeon.
You worshipped Xom.
You were Xom's teddy bear.
You visited 2 branches of the dungeon, and saw 14 of its levels.

You collected 1432 gold pieces.
You spent 81 gold pieces at shops.

Inventory:

Hand Weapons
 j - a +0 hunting sling
 R - a +4 scimitar of flaming
 W - a +2 dagger of holy wrath
Missiles
 b - 463 stones (quivered)
 n - 394 arrows
 s - 72 poisoned darts
 A - 23 boomerangs
 B - 8 large rocks
 F - 12 javelins
Armour
 x - a +0 cloak (worn)
 D - a +2 robe of fire resistance
 J - a +2 robe of willpower
 K - a +0 kite shield
 S - a +0 troll leather armour (worn)
 Y - a +1 hat of intelligence (worn)
Jewellery
 d - a +6 ring of intelligence {unknown}
 w - a ring of see invisible (left claw)
 y - a ring of stealth (right claw)
 L - an uncursed ring of resist corrosion
 X - an amulet of the acrobat (around neck)
Wands
 h - a wand of disintegration (13)
 r - a wand of iceblast (16)
 H - a wand of polymorph (19)
 O - a wand of acid (25)
 V - a wand of enslavement (7)
Scrolls
 c - 8 scrolls of remove curse
 e - 2 scrolls of enchant armour {unknown}
 f - 3 scrolls of fear {unknown}
 g - a scroll of immolation {unknown}
 k - 5 scrolls of magic mapping
 m - 5 scrolls of fog {unknown}
 o - 4 scrolls of blinking {unknown}
 p - 3 scrolls of enchant weapon {unknown}
 t - 4 scrolls of teleportation {unknown}
 G - 4 scrolls of noise {unknown}
 M - a scroll of vulnerability {unknown}
 N - 3 scrolls of random uselessness {unknown}
Potions
 a - a potion of berserk rage
 i - 2 potions of cancellation
 l - 2 potions of flight
 q - 6 potions of curing
 v - 3 potions of haste
 C - 2 potions of attraction
 E - a potion of magic
 P - a potion of resistance
 T - 2 potions of ambrosia
 U - a potion of lignification
 Z - a potion of brilliance


   Skills:
 - Level 2.4 Fighting
 - Level 10.0 Dodging
 - Level 10.0 Unarmed Combat
 - Level 5.0 Spellcasting
 - Level 10.0 Transmutations
 + Level 6.1 Evocations


You had 14 spell levels left.
You knew the following spells:

 Your Spells              Type           Power        Failure   Level
a - Blade Hands           Tmut           15%          9%          5
b - Wereblood             Tmut           31%          1%          2
c - Beastly Appendage     Tmut           62%          1%          1

Your spell library contained the following spells:

 Spells                   Type           Power        Failure   Level
 Spider Form              Tmut/Pois      8%           8%          3
 Foxfire                  Conj/Fire      12%          21%         1
 Ice Form                 Ice/Tmut       17%          26%         4
 Ensorcelled Hibernation  Hex/Ice        6%           30%         2
 Hydra Form               Tmut           15%          45%         6
 Conjure Flame            Conj/Fire      3%           52%         3
 Inner Flame              Hex/Fire       3%           52%         3
 Irradiate                Conj/Tmut      8%           56%         5
 Yara's Violent Unravell  Hex/Tmut       8%           56%         5
 Cause Fear               Hex            1%           89%         4
 Sticky Flame             Conj/Fire      3%           89%         4
 Dragon Form              Tmut           15%          95%         7
 Statue Form              Tmut/Erth      11%          98%         6
 Fireball                 Conj/Fire      1%           99%         5
 Silence                  Hex/Air        1%           99%         5
 Discord                  Hex            1%           100%        8


Dungeon Overview and Level Annotations

Branches:
Dungeon (13/15)            Temple (1/1) D:6            Lair (0/6) D:11
    Orc (0/2) D:10         Vaults (0/5) D:13

Altars:
Ashenzari
Cheibriados
Dithmenos
Elyvilon
Fedhas
Gozag
Hepliaklqana
Kikubaaqudgha
Makhleb
Nemelex Xobeh
Okawaru
Qazlal
Ru
Sif Muna
Trog
Uskayaw
Vehumet
Wu Jian
Xom
Yredelemnul
Zin
The Shining One

Shops:
D:5 [   D:11 *   D:12 [

Annotations:
D:9 Maurice
D:11 3 runed translucent doors, ProzacElf's ghost, journeyman SpAE
D:12 3 runed translucent doors, grovkorv's ghost, journeyman BaFi


Innate Abilities, Weirdness & Mutations

You are too large for most types of armour.
You have claws for hands.
Your natural rate of healing is unusually fast.
You are covered in thick fur. (AC +2)
You have extremely tough skin. (AC +3)
You are partially covered in slimy green scales. (AC +2)
You are agile. (Dex +2)
You can translocate small distances at will.
Your flesh is cold resistant. (rC+)
You passively map the area around you.
Your muscles are strong. (Str +2)
You rapidly evolve.
You expend magic power (3 MP) to strengthen your wands.


Message History

You scratch the vault guard.
The vault guard is almost dead.
Your cleaving frenzy subsides.
The vault guard hits you from afar with a +0 glaive!
* * * LOW HITPOINT WARNING * * *
Unknown command.
Unknown command.
You feel much better.
The vault guard hits you with a cursed -1 great sword!
* * * LOW HITPOINT WARNING * * *
The vault guard misses you.
You scratch the vault guard but do no damage.
The vault guard is almost dead.
The vault guard closely misses you.
You feel much better.
The vault guard hits you from afar with a +0 glaive!
* * * LOW HITPOINT WARNING * * *
The vault guard hits you with a cursed -1 great sword!!
You die...
Xom thinks this is hilarious!

, ,....≈≈≈≈≈≈...≈≈≈≈≈≈....#.# ,
***##.≈≈≈≈≈≈≈)..≈≈≈≈≈≈≈.#'#.. , ,
,,...≈≈≈≈≈≈≈...≈≈≈≈≈≈≈...... , ,
######..###+++###p.###...## * * *
#...# #...# #. ,*##.... , , **
**#...# #$..# #,,,*#..... * ,,,,
#...* #p..# * , *###### ,,,,
##'####p#.#### * #. *
,#.##.....@........ * #.
#####....##.............. *######
.........##..............,*#.....
..#..##..#########+######* ####..
..#..# , * .⌠* ####.. .......,,
∩. #..... ########* * ⌠* ###### *
*


You could see 2 vault guards.

Vanquished Creatures
  Gastronok (D:10)
  Josephine (D:9)
  An ogre mage (D:13)
  2 vault guards (D:13)
  Erolcha (D:9)
  A hydra (D:13)
  A centaur warrior (D:13)
  Erica (D:8)
  2 two-headed ogres
  4 death yaks (D:10)
  The ghost of pustota the Basher, a novice GrFi of Okawaru (D:13)
  A cyclops (D:11)
  A deep elf mage (D:7)
  The ghost of DildoBatman the Magician, a novice FoCj (D:4)
  An ugly thing (D:11)
  A manticore (D:10)
  A kobold demonologist (D:9)
  A tengu conjurer (D:13)
  A freezing wraith (D:13)
  A hornet (D:10)
  5 trolls
  4 slime creatures (D:13)
  Prince Ribbit (D:7)
  2 water elementals
  A shadow (D:13)
  8 wraiths
  4 wyverns
  18 yaks
  Sigmund (D:6)
  A tarantella (shapeshifter) (D:12)
  2 humans
  A warg (D:9)
  6 sky beasts
  A black bear (D:7)
  5 ice beasts
  An eye of draining (D:11)
  7 phantoms
  9 orc warriors
  7 ogres
  9 centaurs
  5 big kobolds
  7 bullfrogs
  2 wyvern zombies
  A water moccasin zombie (D:6)
  2 wyvern skeletons
  7 killer bees
  4 scorpions
  5 wights (D:7)
  3 electric eels (D:11)
  A lava snake (D:7)
  A quasit (D:9)
  A centaur zombie (D:8)
  2 bullfrog skeletons
  3 bullfrog zombies
  3 hounds
  10 orc priests
  3 jellies
  11 orc wizards
  3 worker ants
  A centaur simulacrum (D:4)
  2 bullfrog simulacra (D:4)
  2 hound zombies
  2 hound skeletons
  A howler monkey zombie (D:7)
  2 worker ant zombies
  8 adders
  2 shadow imps (D:9)
  2 white imps
  A worker ant simulacrum (D:4)
  4 ufetubi
  2 adder skeletons
  A worm (D:3)
  A dart slug (D:3)
  6 leopard geckos
  47 orcs
  7 giant cockroaches
  9 goblins
  9 hobgoblins
  9 jackals
  25 kobolds
  5 quokkas
  A ball python (D:2)
  6 bats
  7 frilled lizards
  A giant cockroach zombie (D:5)
  A jackal skeleton (D:6)
  A leopard gecko skeleton (D:5)
  5 rats
362 creatures vanquished.

Vanquished Creatures (collateral kills)
  A death yak (D:10)
  A slime creature (D:13)
  A manticore (D:13)
  A yaktaur (D:13)
  An orc warrior (D:9)
  A big kobold (D:9)
  3 orc wizards (D:9)
  An iguana (D:13)
  A worker ant (D:13)
  A shadow imp (D:9)
  An orc (D:9)
13 creatures vanquished.

Vanquished Creatures (others)
  A yak (D:10)
  An ooze (D:1)
2 creatures vanquished.

Grand Total: 377 creatures vanquished

Notes
Turn   | Place    | Note
-------+----------+-------------------------------------------
     0 | D:1      | Descartes the Troll Chaos Knight began the quest for the
                  | Orb.
     0 | D:1      | Reached XP level 1. HP: 22/22 MP: 0/0
    21 | D:1      | You fall into a shaft and drop 1 floor!
    80 | D:2      | Reached XP level 2. HP: 29/29 MP: 1/1
   135 | D:2      | XOM: silly message
   137 | D:2      | XOM: silly message
   481 | D:2      | Reached XP level 3. HP: 31/36 MP: 2/2
   782 | D:1      | XOM: destruction
   828 | D:1      | XOM is BORED!
  1278 | D:2      | XOM: scenery: summon butterflies
  1287 | D:3      | Found a faded altar of an unknown god.
  1334 | D:3      | XOM: chaos upgrade
  1335 | D:3      | XOM: scenery: create altars
  1351 | D:3      | You fall into a shaft and drop 2 floors!
  1351 | D:5      | Entered Level 5 of the Dungeon
  1356 | D:5      | Reached XP level 4. HP: 4/44 MP: 3/3
  1357 | D:5      | XOM: 1-stop teleportation journey
  1361 | D:5      | Found a sacrificial altar of Ru.
  1420 | D:5      | Reached skill level 5 in Unarmed Combat
  1420 | D:5      | Reached XP level 5. HP: 31/50 MP: 4/4
  1534 | D:4      | Found a runed translucent gate.
  1535 | D:4      | Found a runed translucent gate.
  1544 | D:4      | Found a runed translucent gate.
  1590 | D:4      | Reached XP level 6. HP: 59/59 MP: 5/5
  1593 | D:4      | Learned a level 2 spell: Wereblood
  1595 | D:4      | Learned a level 1 spell: Beastly Appendage
  1653 | D:4      | XOM: scenery: create altars
  1827 | D:4      | Reached skill level 1 in Transmutations
  1827 | D:4      | Reached XP level 7. HP: 54/66 MP: 5/7
  1842 | D:4      | XOM: 3-stop teleportation journey
  1862 | D:4      | XOM: give mutation
  1862 | D:4      | Gained mutation: You have large cloven feet. [Xom's grace]
  2376 | D:3      | Lost mutation: You have large cloven feet. [potion of
                  | mutation]
  2376 | D:3      | Gained mutation: You expend magic power (3 MP) to
                  | strengthen your wands. [potion of mutation]
  2376 | D:3      | Gained mutation: You have a pair of small horns on your
                  | head. [potion of mutation]
  2449 | D:2      | Found a sparkling altar of Nemelex Xobeh.
  2555 | D:4      | Noticed DildoBatman's ghost (novice FoCj)
  2745 | D:4      | Reached skill level 1 in Spellcasting
  2808 | D:4      | Found a shimmering blue altar of Sif Muna.
  2816 | D:4      | Identified Sif Muna's Papyrus of Malediction
  2868 | D:4      | Found a bloodstained altar of Trog.
  2967 | D:4      | Killed DildoBatman's ghost
  2968 | D:4      | Reached XP level 8. HP: 38/74 MP: 7/9
  3064 | D:5      | XOM: silly message
  3133 | D:5      | Found a stormy altar of Qazlal.
  3178 | D:5      | Found Jouw's Antique Armour Boutique.
  3429 | D:5      | XOM: noise
  3530 | D:5      | XOM: scenery: summon butterflies
  3563 | D:5      | XOM: 2-stop teleportation journey
  3650 | D:6      | XOM: confuse monster(s)
  3666 | D:6      | XOM: god gift: 466 gold pieces
  3911 | D:5      | Bought an embroidered robe for 81 gold pieces
  3974 | D:6      | Found a staircase to the Ecumenical Temple.
  3985 | Temple   | Entered the Ecumenical Temple
  4240 | D:6      | XOM: silly message
  4299 | D:6      | XOM: cloud trail
  4308 | D:6      | XOM: silly message
  4375 | D:6      | Noticed Sigmund
  4376 | D:6      | XOM: smoke on damage
  4380 | D:6      | Killed Sigmund
  4381 | D:6      | Reached skill level 5 in Dodging
  4538 | D:7      | Reached XP level 9. HP: 80/80 MP: 11/11
  4583 | D:7      | XOM: silly message
  4585 | D:7      | XOM: 1-stop teleportation journey
  4776 | D:7      | Found a transporter.
  4802 | D:7      | Noticed a deep elf mage
  4862 | D:7      | Found a transporter.
  4904 | D:7      | XOM: scenery: 1 doors close
  4960 | D:7      | XOM: scenery: create altars
  4994 | D:7      | Noticed Prince Ribbit
  5026 | D:7      | XOM: scenery: summon butterflies
  5030 | D:7      | XOM: cast spell 'Leda's Liquefaction'
  5265 | D:7      | XOM: summons 7 friendly demons
  5430 | D:8      | Noticed a two-headed ogre
  5434 | D:8      | XOM: cleaving
  5437 | D:8      | Killed a two-headed ogre
  5443 | D:8      | Got a brightly glowing falchion
  5444 | D:8      | Identified the cursed +0 falchion of Fortitude {freeze,
                  | Str+6} (You found it on level 8 of the Dungeon)
  5473 | D:8      | Found a sparkling altar of Nemelex Xobeh.
  5560 | D:8      | XOM: cloud trail
  5587 | D:8      | XOM: 4-stop teleportation journey
  5683 | D:8      | Found a shimmering altar of Xom.
  5685 | D:8      | XOM: cleaving
  5729 | D:8      | XOM: god gift: chain mail {god gift}
  5753 | D:8      | XOM: scenery: create altars
  5773 | D:8      | Found a basalt altar of Yredelemnul.
  5828 | D:8      | Learned a level 5 spell: Blade Hands
  5950 | D:8      | Reached skill level 10 in Unarmed Combat
  5972 | D:8      | XOM: give mutations
  5972 | D:8      | Gained mutation: You are partially covered in slimy green
                  | scales. (AC +2) [Xom's grace]
  5972 | D:8      | Gained mutation: Your flesh is cold resistant. (rC+) [Xom's
                  | grace]
  5972 | D:8      | Gained mutation: Your muscles are strong. (Str +2) [Xom's
                  | grace]
  5972 | D:8      | Gained mutation: You evolve. [Xom's grace]
  6098 | D:9      | Noticed Maurice
  6104 | D:9      | XOM: cast spell 'Alistair's Intoxication'
  6254 | D:8      | XOM: give mutations
  6254 | D:8      | Gained mutation: You are agile. (Dex +2) [Xom's grace]
  6254 | D:8      | Gained mutation: You are strong-willed. (Will+) [Xom's
                  | grace]
  6296 | D:9      | Reached XP level 10. HP: 83/85 MP: 14/14
  6299 | D:9      | XOM: cleaving
  6301 | D:9      | XOM: scenery: summon butterflies
  6495 | D:9      | Noticed Erica
  6496 | D:9      | XOM: divination: magic mapping
  6501 | D:9      | XOM: scenery: summon butterflies
  6514 | D:9      | XOM: confuse monster(s)
  6527 | D:8      | XOM: scenery: create altars
  6529 | D:8      | Killed Erica
  6530 | D:8      | Reached skill level 5 in Transmutations
  6752 | D:9      | XOM: confusion
  6754 | D:9      | XOM: blink monster(s)
  6850 | D:9      | XOM: stat loss: -1 Int (9/10)
  6867 | D:9      | Noticed Erolcha
  6878 | D:9      | Killed Erolcha
  6976 | D:9      | XOM: give mutations
  6976 | D:9      | Lost mutation: You are agile. (Dex +2) [Xom's mischief]
  6976 | D:9      | Lost mutation: You expend magic power (3 MP) to strengthen
                  | your wands. [Xom's mischief]
  6976 | D:9      | Gained mutation: You expend magic power (3 MP) to
                  | strengthen your wands. [Xom's mischief]
  6976 | D:9      | Lost mutation: You have a pair of small horns on your head.
                  | [Xom's mischief]
  7160 | D:10     | Entered Level 10 of the Dungeon
  7170 | D:10     | Noticed Josephine
  7179 | D:10     | XOM: enchant monster (good)
  7190 | D:9      | XOM: swap monsters
  7203 | D:9      | Killed Josephine
  7204 | D:9      | Reached skill level 5 in Spellcasting
  7204 | D:9      | Reached XP level 11. HP: 48/94 MP: 17/17
  7264 | D:9      | XOM: noise
  7311 | D:10     | XOM: chaos upgrade
  7409 | D:10     | XOM: stat loss: -1 Int (9/10)
  7439 | D:10     | XOM: noise
  7537 | D:10     | XOM: polymorph orc priest -> adder
  7550 | D:9      | XOM: give mutation
  7550 | D:9      | Gained mutation: You passively map a small area around you.
                  | [Xom's grace]
  7642 | D:10     | XOM: summons 6 hostile demons
  7643 | D:10     | Noticed a soul eater
  7650 | D:10     | XOM: blink monster(s)
  7765 | D:10     | Found a staircase to the Orcish Mines.
  7884 | D:10     | Noticed Gastronok
  7890 | D:10     | XOM: confusion
  7906 | D:10     | Killed Gastronok
  8130 | D:10     | Paralysed by a hornet for 3 turns
  8510 | D:10     | XOM: blink monster(s)
  8517 | D:10     | XOM: silly message
  8705 | D:11     | XOM: scenery: summon butterflies
  8731 | D:10     | XOM: stat loss: -1 Str (23/24)
  8966 | D:11     | XOM: potion effect (curing)
  8994 | D:10     | XOM: draining
  9118 | D:11     | Noticed a death yak
  9118 | D:11     | Noticed a death yak
  9119 | D:11     | Noticed a death yak
  9129 | D:11     | Noticed a death yak
  9131 | D:10     | XOM: chaos cloud
  9138 | D:10     | XOM: confuse monster(s)
  9140 | D:10     | XOM: divine lightning
  9141 | D:10     | Killed a death yak
  9210 | D:11     | Noticed a death yak
  9223 | D:10     | XOM: fog
  9227 | D:10     | Killed a death yak
  9234 | D:10     | XOM: divination: magic mapping
  9247 | D:10     | XOM: cast spell 'Metabolic Englaciation'
  9265 | D:10     | XOM: summons 7 friendly demons
  9298 | D:10     | XOM: summons friendly rust devil
  9302 | D:10     | Killed a death yak
  9375 | D:10     | XOM: summons 3 friendly demons
  9389 | D:10     | Killed a death yak
  9393 | D:10     | XOM: cleaving
  9394 | D:10     | XOM: butterfly on damage
  9404 | D:10     | Killed a death yak
  9405 | D:10     | Reached XP level 12. HP: 24/104 MP: 12/18
  9501 | D:11     | Found a staircase to the Lair.
  9717 | D:11     | Found a runed translucent gate.
  9717 | D:11     | Found a runed translucent gate.
  9717 | D:11     | Found a runed translucent gate.
  9722 | D:11     | Found an opulent altar of Gozag.
  9725 | D:11     | Noticed ProzacElf's ghost (journeyman SpAE)
  9725 | D:11     | Noticed an orc warlord
  9726 | D:11     | Found Iroas's Assorted Antiques.
  9885 | D:7      | Killed Prince Ribbit
  9919 | D:7      | XOM: cloud trail
 10034 | D:7      | Reached skill level 10 in Dodging
 10037 | D:7      | Got a dazzling war axe
 10150 | D:7      | Identified the +10 war axe of Dacvuuza {drain, Dex+3} (You
                  | found it on level 7 of the Dungeon)
 10194 | D:7      | XOM: give mutations
 10194 | D:7      | Gained mutation: You rapidly evolve. [Xom's grace]
 10194 | D:7      | Gained mutation: You passively map the area around you.
                  | [Xom's grace]
 10296 | D:7      | XOM: smoke on damage
 10548 | D:11     | XOM: scenery: create altars
 10775 | D:11     | XOM: confuse monster(s)
 11092 | D:11     | XOM: scenery: 1 doors close
 11468 | D:12     | Gained mutation: You are covered in thick fur. (AC +2)
                  | [evolution]
 11552 | D:12     | XOM: 1-stop teleportation journey
 11731 | D:12     | XOM: god gift: 66 gold pieces
 11795 | D:12     | XOM: summons 3 friendly demons
 11847 | D:12     | XOM: 1-stop teleportation journey
 11899 | D:12     | XOM: god gift: silvery potion {god gift}
 12071 | D:12     | Noticed a minotaur
 12077 | D:12     | Noticed grovkorv's ghost (journeyman BaFi)
 12085 | D:12     | XOM: cleaving
 12179 | D:12     | Found a blossoming altar of Fedhas.
 12181 | D:12     | Found a runed translucent gate.
 12181 | D:12     | Found a runed translucent gate.
 12181 | D:12     | Found a runed translucent gate.
 12193 | D:12     | XOM: scenery: 1 doors open
 12194 | D:12     | Found a snail-covered altar of Cheibriados.
 12280 | D:12     | Found Rasoisawn's Armour Shoppe.
 12413 | D:12     | Reached skill level 1 in Evocations
 12682 | D:12     | XOM: fog
 12684 | D:12     | XOM: polymorph centaur -> ogre
 12690 | D:12     | XOM: give mutation
 12690 | D:12     | Gained mutation: You can translocate small distances at
                  | will. [Xom's grace]
 13040 | D:13     | Noticed a centaur warrior
 13090 | D:12     | XOM: cloud trail
 13215 | D:13     | XOM is BORED!
 13215 | D:13     | XOM: give mutation
 13215 | D:13     | Lost mutation: You are strong-willed. (Will+) [Xom's
                  | mischief]
 13323 | D:13     | XOM: summons 12 friendly demons
 13329 | D:13     | Killed a centaur warrior
 13330 | D:13     | Noticed a seven-headed hydra
 13339 | D:13     | Killed a seven-headed hydra
 13362 | D:13     | XOM: god gift: glowing short sword {god gift}
 13365 | D:13     | Noticed a vault guard
 13386 | D:13     | XOM: summons 12 friendly demons
 13438 | D:13     | XOM: summons 11 friendly demons
 13458 | D:13     | Gained mutation: You are agile. (Dex +2) [evolution]
 13576 | D:13     | Found a runed translucent gate.
 13576 | D:13     | XOM: 5-stop teleportation journey
 13652 | D:13     | XOM: god gift: crude great sword {god gift}
 13695 | D:13     | Found a runed translucent gate.
 13695 | D:13     | Found a runed translucent gate.
 13695 | D:13     | Noticed pustota's ghost (novice GrFi)
 13702 | D:13     | XOM: cleaving
 13704 | D:13     | XOM: scenery: 1 doors open
 13709 | D:13     | Reached skill level 10 in Transmutations
 13712 | D:13     | XOM: divination: magic mapping
 13713 | D:13     | Killed pustota's ghost
 13721 | D:13     | XOM: scenery: 3 doors close
 13756 | D:13     | XOM: scenery: 4 doors close
 13941 | D:13     | Noticed a two-headed ogre
 13942 | D:13     | XOM: summons 10 friendly demons
 13951 | D:13     | Killed a two-headed ogre
 13952 | D:13     | Reached skill level 5 in Evocations
 13993 | D:13     | XOM: 4-stop teleportation journey
 14048 | D:13     | Noticed a vault guard
 14055 | D:13     | Killed a vault guard
 14056 | D:13     | Reached XP level 13. HP: 92/110 MP: 12/19
 14144 | D:13     | Found a gate to the Vaults.
 14145 | D:13     | XOM: cleaving
 14148 | D:13     | XOM: scenery: 4 doors close
 14158 | D:13     | HP: 1/110 [vault guard/+0 glaive (11)]
 14161 | D:13     | Slain by a vault guard

Illustrated notes

Levels and vault maps discovered:
D:1:      tarquinn_simple_flora_water_c, layout_basic, minmay_tromino_v4_c
D:2:      layout_rooms, lemuel_doored_altar, chequers_serial_rivers_small_b
D:3:      layout_rooms, chequers_ecumenical_altar_simple
D:4:      layout_cave_pods, nzn_overflow_gifts_of_might_and_magic,
          gammafunk_ghost_icy
D:5:      layout_basic, lemuel_coloured_pillars_altar, lemuel_crystal_altar,
          serial_shops, nicolae_shop_stone, saegor_snake_ambush
D:6:      layout_loops_ring, minmay_temple_entry_stoned_glass, st_stairs_14,
          uniq_sigmund
D:7:      gammafunk_the_bubble [the_bubble_gammafunk_split], layout_rooms,
          grunt_ministairs_7, nicolae_lava_and_water, minmay_crystal_room,
          uniq_prince_ribbit1
D:8:      layout_loops_ring, xom_teletrap_fun, kennysheep_mini, basic_altar
D:9:      layout_roguey, palyth_stone_intersect, kennysheep_generic_room_3,
          uniq_erolcha, uniq_erica, uniq_maurice
D:10:     layout_irregular_city, erik_orc_4, serial_column_ruins,
          column_ruins_hut_ruined, column_ruins_hut, column_ruins_grid_1,
          column_ruins_columns_corner, column_ruins_grid_1,
          column_ruins_columns_corner, column_ruins_open_medium,
          column_ruins_columns_straight, kennysheep_generic_room_12,
          uniq_gastronok, uniq_josephine
D:11:     layout_basic, dpeg_lair_monsters, ebering_ghost_gozag
D:12:     layout_stronghold, maelrawn_ghost_gauntlet_escape, basic_altar,
          serial_shops, nicolae_shop_crystal, fedhas_altar_1
D:13:     layout_stronghold, grunt_vaults_entry_fortified,
          gammafunk_ghost_spectres, drop_trap, lemuel_old_faithful
Temple:   regret_index_temple_waves

Skill      XL: |  1  2  3  4  5  6  7  8  9 10 11 12 13 |
---------------+----------------------------------------+-----
Dodging        | 2 3 4 5 6 7 9 10 | 10.0
Unarmed Combat | 4 5 6 7 8 10 | 10.0
Transmutations | 1 2 3 4 6 8 10 | 10.0
Spellcasting   | 1 2 3 5 |  5.0
Evocations     | 5 6 |  6.1
Fighting       | |  2.4

Action                   |  1- 3 |  4- 6 |  7- 9 | 10-12 | 13-15 || total
-------------------------+-------+-------+-------+-------+-------++-------
Melee: Unarmed           |   114 |    98 |   311 |   683 |    36 ||  1242
       Kick              |       |     5 |    14 |       |       ||    19
       Headbutt          |       |     1 |    48 |    33 |       ||    82
       Punch             |       |       |     7 |    42 |     1 ||    50
 Cast: Beastly Appendage |       |     3 |     3 |     1 |       ||     7
       Blade Hands       |       |       |       |    35 |     1 ||    36
       Wereblood         |       |       |       |    22 |     1 ||    23
Evoke: Wand              |       |       |       |     2 |       ||     2
  Use: Potion            |       |     2 |     2 |     1 |     3 ||     8
       Scroll            |       |       |     8 |     8 |       ||    16
 Stab: Sleeping          |     2 |       |     3 |     3 |       ||     8
       Invisible         |       |       |     1 |       |       ||     1
       Confused          |       |       |     1 |     2 |       ||     3
       Paralysed         |       |       |       |     2 |       ||     2
Armor: Robe              |    64 |    48 |   108 |    78 |       ||   298
       Troll leather arm |       |       |       |   182 |    13 ||   195
Dodge: Dodged            |    89 |    52 |   168 |   499 |    39 ||   847
